 Dungeon Crawl Stone Soup version 0.29.0-15-g675c0067aa (webtiles) character file.

Game seed: 13158763572759704729

521 qw the Chopper (level 7, -15/43 HPs)
             Began as a Gargoyle Fighter on Sept 12, 2022.
             Demolished by an ogre
             ... wielding a +0 giant spiked club
              (22 damage)
             ... on level 5 of the Dungeon.
             The game lasted 00:01:48 (4731 turns).

qw the Chopper (Gargoyle Fighter)                   Turns: 4731, Time: 00:01:48

Health: -15/43     AC: 16    Str: 21 (22) XL:     7   Next: 21%
Magic:  7/7        EV:  5    Int:  5 (8)  God:
Gold:   279        SH:  4    Dex:  9      Spells: 6/6 levels left

rFire   . . .      SeeInvis .   Y - +0 war axe
rCold   . . .      Faith    .   c - +0 buckler
rNeg    + . .      Spirit   .   f - +0 plate armour
rPois   inf        Reflect  .   (no helmet)
rElec   +          Harm     .   (no cloak)
rCorr   .          Rampage  .   (no gloves)
Will    +....                   (no boots)
Stlth   ..........              (no amulet)
HPRegen 0.14/turn               h - ring of willpower
MPRegen 0.10/turn               (no ring)

@: no status effects
A: sickness immunity, AC +4, negative energy resistance 1, electricity
resistance, torment resistance 1, petrification resistance
a: no special abilities


You were on level 5 of the Dungeon.
You visited 1 branch of the dungeon, and saw 5 of its levels.

You collected 279 gold pieces.


Innate Abilities, Weirdness & Mutations

You are immune to sickness and miasma.
Your stone body is resilient. (AC +4)
You are immune to poison.
You resist negative energy. (rN+)
You are resistant to electric shocks. (rElec)
You are resistant to unholy torment.
You are immune to petrification.


   Skills:
 - Level 4.3 Fighting
 + Level 6.5 Axes
 - Level 3.2 Armour
 - Level 0.2 Dodging
 - Level 3.2 Shields


You had 6 spell levels left.
You didn't know any spells.
Your spell library was empty.

Inventory:

Hand Weapons
 k - a +0 flail
 Y - a +0 war axe (weapon)
Armour
 c - a +0 buckler (worn)
 f - a +0 plate armour (worn)
Jewellery
 b - the amulet "Onihifit" {Faith rN+++ Will- Int+6 Stlth-}
   (You acquired it on level 3 of the Dungeon)

   [amulet of faith]

   It allows you to gain divine favour quickly.
   Int:       It affects your intelligence (+6).
   rN:        It renders you almost immune to negative energy.
   Will:      It decreases your willpower.
   Stlth:     It makes you less stealthy.
 h - a ring of willpower (left hand)
Scrolls
 a - a scroll of identify
Potions
 d - a potion of might
 j - a potion of haste
 l - a potion of curing {unknown}

Dungeon Overview and Level Annotations

Branches:
Dungeon (5/15)
 Temple: D:4-7

Altars:
Vehumet
Xom
Yredelemnul

Annotations:
D:4 1 runed translucent door, qw's ghost, amateur GrFi


Message History

You barely miss the adder. The adder bites you but does no damage.
You hit the adder.
The adder is heavily wounded.
The adder barely misses you. x2
You slash the adder!
You kill the adder!
You feel your strength returning.
There is an open gate here.
An ogre comes into view. It is wielding a +0 giant spiked club.
Found a gnarled glowing staff.
The ogre shouts!
Enter note: You barely miss the ogre.
The ogre hits you with a +0 giant spiked club!
You hit the ogre.
The ogre is lightly wounded.
The ogre barely misses you.
You barely miss the ogre.
The ogre is lightly wounded.
You block the ogre's attack.
You hit the ogre.
The ogre is lightly wounded.
You block the ogre's attack.
You hit the ogre.
The ogre is moderately wounded.
You hit the ogre.
The ogre is heavily wounded.
The ogre barely misses you.
You hit the ogre.
The ogre is severely wounded.
The ogre barely misses you.
You completely miss the ogre.
The ogre is severely wounded.
The ogre hits you with a +0 giant spiked club!!
You completely miss the ogre.
The ogre is severely wounded.
The ogre hits you with a +0 giant spiked club!!
Ouch! That really hurt!
You die...

...¤¤¤# #...#......
.~.~.~.~~~####...#......
~...~...~~~##...........
¤¤¤~.~.~.¤¤¤##..%#######
¤¤¤...~...~¤#....#
¤~¤¤.~.~.¤¤¤%....#
¤¤..~...~...'.####
¤~¤~.¤.~.¤¤¤'.#
..~...~@.¤¤¤###
.~.¤.~O~(¤¤¤#
¤.¤¤¤.¤.¤¤~##
.~.~¤¤¤~¤¤## .¤¤¤¤.~~¤##
.¤.~.~~~## ¤...~~~##
¤|¤.~~#


You could see an ogre.

Vanquished Creatures
  Edmund (D:5)
  A black bear (D:5)
  A scorpion (D:3)
  3 jellies
  4 gnolls
  4 adders
  4 worms (D:2)
  2 dart slugs
  7 orcs
  2 bats
  8 endoplasms
  A giant cockroach (D:4)
  7 goblins
  9 hobgoblins
  2 jackals (D:5)
  9 kobolds
  3 quokkas
  11 ball pythons
  6 frilled lizards
  7 rats
92 creatures vanquished.

Vanquished Creatures (others)
  A bat (D:3)
  A ball python (D:3)
2 creatures vanquished.

Grand Total: 94 creatures vanquished

Notes
Turn   | Place    | Note
-------+----------+-------------------------------------------
     0 | D:1      | qw the Gargoyle Fighter began the quest for the Orb.
     0 | D:1      | Reached XP level 1. HP: 14/14 MP: 1/1
     0 | D:1      | 0 ||| qw: Version: 0.1-a-119-g272c26d
     0 | D:1      | 0 ||| qw: Game counter: 10990
     0 | D:1      | 0 ||| qw: Always use a shield: true
     0 | D:1      | 0 ||| qw: God list: Okawaru
     0 | D:1      | 0 ||| qw: Allow faded altars: false
     0 | D:1      | 0 ||| qw: Do Orc after D:15 true
     0 | D:1      | 0 ||| qw: Do second Lair branch before Depths: true
     0 | D:1      | 0 ||| qw: Lair rune preference: random
     0 | D:1      | 0 ||| qw: Plans: Normal, Zot, God:TSO, Crypt, Tomb, Pan,
                  | Slime, Hells, Zig, Abyss, Orb
     0 | D:1      | 0 ||| PLANNING D:1-11
   106 | D:1      | Reached skill level 2 in Axes
   250 | D:1      | Reached XP level 2. HP: 18/19 MP: 2/2
   569 | D:1      | 569 ||| Stepping ~*~*~tactically~*~*~ (stealth).
   732 | D:1      | Reached skill level 3 in Axes
   763 | D:1      | Reached XP level 3. HP: 23/23 MP: 3/3
   833 | D:1      | Found a faded altar of an unknown god.
   978 | D:1      | 978 ||| READING 3 scrolls labelled TOT JAAHOXOZ.
   979 | D:1      | 979 ||| READING scroll labelled NIAGUC ZUNE.
   980 | D:1      | 980 ||| READING scroll labelled ATU UTAFAPSO.
   981 | D:1      | 981 ||| READING 2 scrolls of identify.
   981 | D:1      | 981 ||| IDENTIFYING coppery potion
  1056 | D:2      | 1056 ||| FLEEEEING.
  1057 | D:2      | 1057 ||| FLEEEEING.
  1058 | D:2      | 1058 ||| FLEEEEING.
  1060 | D:2      | 1060 ||| FLEEEEING.
  1061 | D:2      | 1061 ||| FLEEEEING.
  1062 | D:2      | 1062 ||| STAIRDANCE
  1118 | D:2      | 1118 ||| STAIRDANCE
  1206 | D:2      | 1206 ||| DROPPING +0 club.
  1218 | D:2      | Reached XP level 4. HP: 28/28 MP: 4/4
  1220 | D:2      | 1220 ||| Stepping ~*~*~tactically~*~*~ (stealth).
  1415 | D:2      | Reached skill level 4 in Axes
  1578 | D:2      | 1578 ||| Stepping ~*~*~tactically~*~*~ (stealth).
  1580 | D:2      | 1580 ||| Stepping ~*~*~tactically~*~*~ (hiding).
  1581 | D:2      | 1581 ||| Stepping ~*~*~tactically~*~*~ (hiding).
  2303 | D:2      | 2303 ||| READING scroll labelled CAR HOENITOZ.
  2304 | D:2      | 2304 ||| READING scroll labelled CANGUE BATWAZO.
  2305 | D:2      | 2305 ||| READING 4 scrolls of identify.
  2305 | D:2      | 2305 ||| IDENTIFYING glowing black potion
  2306 | D:2      | 2306 ||| READING 3 scrolls of identify.
  2306 | D:2      | 2306 ||| IDENTIFYING emerald potion
  2307 | D:2      | 2307 ||| DROPPING potion of invisibility.
  2308 | D:2      | 2308 ||| DROPPING potion of brilliance.
  2392 | D:3      | Found a radiant altar of Vehumet.
  2673 | D:3      | Noticed a scorpion
  2688 | D:3      | Killed a scorpion
  2689 | D:3      | Reached skill level 5 in Axes
  2689 | D:3      | Reached XP level 5. HP: 21/32 MP: 5/5
  2870 | D:3      | 2870 ||| Stepping ~*~*~tactically~*~*~ (stealth).
  2883 | D:3      | 2883 ||| Stepping ~*~*~tactically~*~*~ (stealth).
  2901 | D:3      | 2901 ||| Stepping ~*~*~tactically~*~*~ (stealth).
  2917 | D:3      | 2917 ||| Stepping ~*~*~tactically~*~*~ (stealth).
  2929 | D:3      | 2929 ||| Stepping ~*~*~tactically~*~*~ (stealth).
  2987 | D:3      | 2987 ||| FLEEEEING.
  2995 | D:3      | 2995 ||| FLEEEEING.
  2996 | D:3      | 2996 ||| FLEEEEING.
  3187 | D:3      | 3187 ||| Stepping ~*~*~tactically~*~*~ (stealth).
  3188 | D:3      | 3188 ||| Stepping ~*~*~tactically~*~*~ (stealth).
  3219 | D:3      | 3219 ||| Stepping ~*~*~tactically~*~*~ (stealth).
  3220 | D:3      | 3220 ||| Stepping ~*~*~tactically~*~*~ (stealth).
  3237 | D:3      | Found a shimmering altar of Xom.
  3246 | D:3      | Reached XP level 6. HP: 37/38 MP: 6/6
  3316 | D:3      | 3316 ||| Stepping ~*~*~tactically~*~*~ (stealth).
  3400 | D:3      | 3400 ||| UPGRADING to +0 plate armour.
  3410 | D:3      | 3410 ||| DROPPING +0 scale mail.
  3411 | D:3      | 3411 ||| READING 3 scrolls labelled EKKAIF QEMO.
  3416 | D:3      | 3416 ||| READING scroll labelled MUSUKKUZ CENOKHLIL.
  3416 | D:3      | Identified a scroll of acquirement
  3416 | D:3      | 3416 ||| ACQUIRING amulet "Onihifit" {Faith rN+++ Will-
                  | Int+6 Stlth-}
  3416 | D:3      | Acquired the amulet "Onihifit" {Faith rN+++ Will- Int+6
                  | Stlth-}
  3418 | D:3      | 3418 ||| DRINKING 2 viscous grey potions.
  3419 | D:3      | 3419 ||| DROPPING potion of degeneration.
  3459 | D:4      | Found a runed translucent door.
  3463 | D:4      | Noticed qw's ghost (amateur GrFi)
  3466 | D:4      | 3466 ||| Stepping ~*~*~tactically~*~*~ (stealth).
  3647 | D:4      | 3647 ||| Stepping ~*~*~tactically~*~*~ (stealth).
  3648 | D:4      | 3648 ||| Stepping ~*~*~tactically~*~*~ (stealth).
  3763 | D:4      | 3763 ||| DROPPING +2 whip of electrocution.
  3938 | D:4      | Found a basalt altar of Yredelemnul.
  4203 | D:4      | 4203 ||| UPGRADING to ring of willpower.
  4204 | D:4      | 4204 ||| READING scroll labelled TENUG MEOR.
  4205 | D:4      | 4205 ||| READING 3 scrolls of identify.
  4205 | D:4      | 4205 ||| IDENTIFYING sapphire potion
  4206 | D:4      | 4206 ||| READING 2 scrolls of identify.
  4206 | D:4      | 4206 ||| IDENTIFYING purple potion
  4207 | D:4      | 4207 ||| DROPPING potion of flight.
  4220 | D:5      | Entered Level 5 of the Dungeon
  4220 | D:5      | Noticed a black bear
  4226 | D:5      | HP: 9/38 [gnoll/+0 flail[a gnoll bouda] (8)]
  4227 | D:5      | 4227 ||| READING 3 scrolls of teleportation.
  4228 | D:5      | 4228 ||| DRINKING 3 potions of heal wounds.
  4241 | D:5      | HP: 6/38 [black bear (7)]
  4242 | D:5      | 4242 ||| READING 2 scrolls of teleportation.
  4243 | D:5      | 4243 ||| DRINKING 2 potions of heal wounds.
  4251 | D:5      | HP: 9/38 [black bear (3)]
  4251 | D:5      | HP: 3/38 [black bear (6)]
  4252 | D:5      | 4252 ||| READING scroll of teleportation.
  4253 | D:5      | 4253 ||| DRINKING potion of heal wounds.
  4256 | D:5      | Killed a black bear
  4257 | D:5      | Reached skill level 6 in Axes
  4380 | D:5      | Noticed Edmund
  4396 | D:5      | HP: 3/38 [Edmund/+1 dire flail of venom (8)]
  4397 | D:5      | Killed Edmund
  4398 | D:5      | Reached XP level 7. HP: 4/43 MP: 7/7
  4730 | D:5      | HP: 7/43 [ogre/+0 giant spiked club (21)]
  4731 | D:5      | Demolished by an ogre

Levels and vault maps discovered:
D:1:      dpeg_arrival_simpleton_a, layout_loops_ring,
          dilly_ecumenical_altar_fadedgnrine
D:2:      layout_loops_corners, minmay_misc_feat_five, minmay_cut_off
D:3:      wad_crossroads, layout_basic, marbit_many_paths, xom_confusion_cloud,
          minmay_pentomino_pile
D:4:      layout_cave_pools, mainiacjoe_overflow_alcove_2, ebering_ghost_sewer_d
D:5:      layout_basic, nicolae_qazlal_eye_of_the_storm,
          ebering_ghost_disaster_area, serial_shops, shop,
          kennysheep_cluttered_room, uniq_edmund, uniq_sigmund

Skill      XL: |  1  2  3  4  5  6 |
---------------+-------------------+-----
Axes           | 2 3 5 6 |  6.5
Fighting       | 4 |  4.3
Armour         | |  3.2
Dodging        | |  0.2
Shields        | |  3.2

Action                   |  1- 3 |  4- 6 |  7- 9 || total
-------------------------+-------+-------+-------++-------
Melee: War axe           |    90 |   239 |    17 ||   346
  Use: Scroll            |     4 |    12 |       ||    16
       Potion            |       |     4 |       ||     4
Armor: Scale mail        |    37 |    78 |       ||   115
       Plate armour      |       |    66 |     5 ||    71
Dodge: Dodged            |    34 |    90 |     7 ||   131
Block: Buckler           |    16 |    40 |     2 ||    58

Table legend:
 A = Non-vault XP
 B = Vault XP
 C = Vault XP percentage of total XP
 D = Non-vault monster count
 E = Vault monster count
 F = Vault count percentage of total count
                 A         B        C        D         E       F
            +---------+---------+-------+---------+---------+-------
      Total |     408 |     337 |  45.2 |      69 |      23 |  25.0
            +---------+---------+-------+---------+---------+-------
        D:1 |      37 |       0 |   0.0 |      23 |       0 |   0.0
        D:2 |      92 |       6 |   6.1 |      18 |       2 |  10.0
        D:3 |      20 |     177 |  89.8 |      10 |      20 |  66.7
        D:4 |      67 |       0 |   0.0 |      12 |       0 |   0.0
        D:5 |     192 |     154 |  44.5 |       6 |       1 |  14.3
            +---------+---------+-------+---------+---------+-------
